 Dungeon Crawl Stone Soup version 0.20.0-8-g6b59dc7 (webtiles) character file.

51 Laan the Cudgeler (level 3, 0/23 HPs)
             Began as a Gargoyle Fighter on May 30, 2017.
             Slain by a gnoll
             ... wielding a +0 halberd
              (11 damage)
             ... on level 2 of the Dungeon.
             The game lasted 00:02:21 (1059 turns).

Laan the Cudgeler (Gargoyle Fighter)                Turns: 1059, Time: 00:02:22

Health: 0/23       AC: 10    Str: 20    XL:     3   Next: 81%
Magic:  3/3        EV: 12    Int:  8    God:
Gold:   100        SH:  9    Dex:  9    Spells: 2/2 levels left

rFire    . . .     SeeInvis .   a - +0 flail
rCold    . . .     Gourm    .   c - +0 shield
rNeg     + . .     Faith    .   b - +0 scale mail
rPois    ∞         Spirit   .   (no helmet)
rElec    +         Reflect  .   (no cloak)
rCorr    .         Harm     .   (no gloves)
MR       .....                  (no boots)
Stlth    ..........             (no amulet)
Regen    0.1/turn               h - +5 ring of slaying
MPRegen  0.1/turn               k - +5 ring of evasion

@: no status effects
A: negative energy resistance 1, electricity resistance, unbreathing,
petrification resistance, rot immunity, AC +3
a: no special abilities


You were on level 2 of the Dungeon.
You were not hungry.

You visited 1 branch of the dungeon, and saw 2 of its levels.

You collected 100 gold pieces.

Inventory:

Hand Weapons
 a - a +0 flail (weapon)
Missiles
 i - 4 javelins of returning (quivered)
Armour
 b - a +0 scale mail (worn)
 c - a +0 shield (worn)
Jewellery
 h - a +5 ring of slaying (left hand)
 j - an uncursed ring of wizardry
 k - a +5 ring of evasion (right hand)
Scrolls
 e - a scroll of random uselessness {unknown}
 g - a scroll of enchant armour {unknown}
 m - a scroll of identify {unknown}
 n - a scroll of teleportation {unknown}
 p - 2 scrolls of fog {unknown}
Potions
 d - a potion of might
Comestibles
 f - a bread ration
 l - a meat ration
 o - a royal jelly
 q - 2 chunks of flesh


   Skills:
 - Level 3.2 Fighting
 + Level 4.0 Maces & Flails
 - Level 3.2 Armour
 - Level 3.2 Shields


You had 2 spell levels left.
You didn't know any spells.

Dungeon Overview and Level Annotations

Branches:
Dungeon (2/15)

Altars:


Innate Abilities, Weirdness & Mutations

You are resistant to torment.
Your stone body is resilient. (AC +3)
You are immune to poison.
You resist negative energy. (rN+)
You are resistant to electric shocks. (rElec)
You can survive without breathing.
You are immune to petrification.
You are immune to rotting.


Message History

The gnoll hits you from afar with a halberd.
The gnoll barely misses you.
You hit the gnoll.
The gnoll is almost dead.
The rat bites you but does no damage. You block the gnoll's attack. x2
The rat closely misses you.
You completely miss the gnoll.
The gnoll is almost dead.
You block the gnoll's attack. The gnoll barely misses you.
The rat completely misses you.
You hit the gnoll.
You kill the gnoll!
Your Maces & Flails skill increases to level 4!
You block the rat's attack. The gnoll completely misses you.
The rat closely misses you. The gnoll hits you with a halberd.
Things that are here:
a spear; a gnoll corpse You closely miss the gnoll.
You block the rat's attack. The gnoll hits you with a halberd!
You die...

#....###).# ###...
#.# #. #......#.##
..# ..# #.
#........# # ..#
.## ## #.#..##..#
##. .# #. #
#.#..##..##.. .
#..(..<...#.#
#.......#...#
#......##.g#####.#
#.....(###@......#
#........)r.####..
#......#....#
#...(..#....#
###.######### #.#
#. #.


You could see a gnoll and a rat.

Vanquished Creatures
  2 gnolls (D:2)
  A worm (D:2)
  A leopard gecko (D:2)
  A giant cockroach (D:1)
  4 goblins
  2 hobgoblins
  6 bats
  3 frilled lizards
  4 kobolds
  4 rats
28 creatures vanquished.

Notes
Turn   | Place    | Note
-------+----------+-------------------------------------------
     0 | D:1      | Laan the Gargoyle Fighter began the quest for the Orb.
     0 | D:1      | Reached XP level 1. HP: 14/14 MP: 1/1
   389 | D:1      | Reached XP level 2. HP: 18/19 MP: 2/2
   770 | D:1      | Reached skill level 3 in Maces & Flails
   968 | D:2      | Reached XP level 3. HP: 23/23 MP: 3/3
  1057 | D:2      | Reached skill level 4 in Maces & Flails
  1059 | D:2      | Slain by a gnoll

Skill      XL: |  1  2  3 |
---------------+----------+-----
Maces & Flails | 3 4 |  4.0
Fighting       | |  3.2
Armour         | |  3.2
Shields        | |  3.2

Action                   || total
-------------------------++-------
Melee: Flail             ||    76
Throw: Javelin           ||     3
  Eat: Chunk             ||     1
Armor: Scale mail        ||    26
Dodge: Dodged            ||    42
Block: Shield            ||    41
